 Dungeon Crawl Stone Soup version 0.18-a0-1797-gc18daef (webtiles) character file.

18 macross the Charlatan (level 2, -1/14 HPs)
             Began as a Spriggan Artificer on Apr 22, 2016.
             Slain by a kobold (3 damage)
             ... on level 2 of the Dungeon.
             The game lasted 00:01:06 (1031 turns).

macross the Charlatan (Spriggan Artificer)          Turns: 1031, Time: 00:01:07

Health: -1/14      AC:  2    Str:  7    XL:     2   Next: 51%
Magic:  6/6        EV: 19    Int: 13    God:
Gold:   90         SH:  0    Dex: 16    Spells: 0 memorised, 1 level left

rFire  . . .     SeeInvis +     a - +0 short sword
rCold  . . .     Gourm    .     b - +0 robe
rNeg   . . .     Faith    .     (shield restricted)
rPois  .         Spirit   .     (helmet restricted)
rElec  .         Dismiss  .     (no cloak)
rCorr  .         Reflect  .     (gloves unavailable)
SustAt .         Harm     .     (boots unavailable)
MR     .....                    (no amulet)
Stlth  ++........               (no ring)
                                (no ring)

@: very quick, not resistant to hostile enchantments, unstealthy
A: unfitting armour, see invisible, herbivore 3, speed 3, slow metabolism 2
a: no special abilities


You were on level 2 of the Dungeon.
You were not hungry.

You visited 1 branch of the dungeon, and saw 2 of its levels.

You collected 90 gold pieces.

Inventory:

Hand Weapons
 a - a +0 short sword (weapon)
Armour
 b - a +0 robe (worn)
Wands
 c - a wand of flame (15/48)
 d - a wand of enslavement (15/24)
 e - a wand of random effects (15/48)
Scrolls
 g - a scroll of enchant armour {unknown}
 j - a scroll of identify {unknown}
 k - 2 scrolls of enchant weapon {unknown}
 n - 2 scrolls of random uselessness {unknown}
 p - 2 scrolls of recharging {unknown}
 q - a scroll of magic mapping {unknown}
 r - a scroll of remove curse {unknown}
Potions
 h - a potion of haste {unknown}
 l - a potion of heal wounds {unknown}
 m - a potion of cure mutation {unknown}
 o - a potion of brilliance {unknown}
Comestibles
 f - 3 bread rations
 i - a slice of pizza


   Skills:
 + Level 0.8 Fighting
 + Level 1.1 Short Blades
 + Level 3.8 Dodging
 + Level 1.7 Stealth
 + Level 4.6 Evocations


You had one spell level left.
You didn't know any spells.

Dungeon Overview and Level Annotations

Branches:
Dungeon (2/15)

Altars:


Innate Abilities, Weirdness & Mutations

You are tiny and cannot use many weapons and most armour.
You have supernaturally acute eyesight.
You are a herbivore.
You cover ground extremely quickly.
You need consume almost no food.


Message History

The kobold closely misses you. The kobold hits you.
* * * LOW HITPOINT WARNING * * *
The kobold misses you. The kobold misses you. The kobold hits you.
* * * LOW HITPOINT WARNING * * *
The kobold hits you but does no damage. The kobold completely misses you.
The kobold misses you. The kobold misses you. The kobold barely misses you.
The kobold misses you. The kobold closely misses you.
The kobold closely misses you. The kobold completely misses you.
The kobold closely misses you. The kobold completely misses you.
The kobold hits you.
You die...

#.##### #.##.. ..#
. #.##.# ..#
.#####.##.#### ..#
.............# ..#
.#####.......# ..#
.# #....#..#
##..#?##
.#####.####..#
#K.....#
.......####..###@#
...............#.#
.............#.#.#
.#.###.####......#
.#.# #.# ####.#.#
##.# #.# #.#.# #.#
#.# #.#.# #.# #.#
#.#.# ##.# ...
....#


You could see a kobold.

Vanquished Creatures
  An ooze (D:1)
  A giant gecko (D:1)
  3 giant cockroaches
  A hobgoblin (D:1)
  3 kobolds (D:1)
  4 rats (D:1)
13 creatures vanquished.

Notes
Turn   | Place    | Note
--------------------------------------------------------------
     0 | D:1      | macross the Spriggan Artificer began the quest for the Orb.
     0 | D:1      | Reached XP level 1. HP: 9/9 MP: 4/4
   355 | D:1      | Reached XP level 2. HP: 14/14 MP: 6/6
  1031 | D:2      | Slain by a kobold

Vault maps used:
D:1:      eino_arrival_cavern_a, serial_co_window_serial, co_window_paths_a,
          co_window_paths_a, co_window_paths_b, co_window_of_opportunity_a,
          co_window_paths_a, co_window_paths_a, co_window_paths_a,
          co_window_corner_b, co_window_2corner, co_window_of_opportunity_c,
          co_window_cross_3, co_window_of_opportunity_c, co_window_corner_b,
          co_window_corner_b, glass_columns_c, glass_columns_c, glass_columns_a,
          glass_columns_a
D:2:      nicolae_overflow_hidden_temple

Action                   || total
-------------------------++-------
Melee: Short sword       ||    35
 Stab: Sleeping          ||     3
Armor: Robe              ||     5
Dodge: Dodged            ||    44
